 Dungeon Crawl Stone Soup version 0.28.0-53-g5a82cb258f (webtiles) character file.

Game seed: 15908632340638185263

206028 Jerry the Bludgeoner (level 18, -31/174 HPs)
             Began as a Troll Hunter on June 24, 2022.
             Was an Initiate of Gozag.
             Annihilated by an emperor scorpion (34 damage)
             ... on level 3 of the Spider Nest on June 29, 2022.
             The game lasted 04:35:18 (40382 turns).

Jerry the Bludgeoner (Troll Hunter)                Turns: 40382, Time: 04:35:36

Health: -31/174    AC: 33    Str: 36    XL:     18   Next: 5%
Magic:  15/15      EV:  6    Int: 25    God:    Gozag
Gold:   1127       SH:  0    Dex:  7    Spells: 17/17 levels left

rFire   + . .      SeeInvis .   p - +9 whip of Nightmares {elec, +Blink Will- Int+8}
rCold   + + .      Faith    .   (no shield)
rNeg    + . .      Spirit   .   H - +8 gold dragon scales
rPois   +          Reflect  .   i - +2 hat
rElec   +          Harm     .   U - +0 cloak {rC+}
rCorr   +          Rampage  .   (gloves unavailable)
Will    +....                   (boots unavailable)
Stlth   ..........              n - amulet of regeneration
HPRegen 1.99/turn               r - ring "Votrimpo" {rN+ Will+ rCorr Str+3 Int+2}
MPRegen 0.14/turn               T - ring "Ryvaral" {Fly rElec Str+6 Int+8 Dex-5}

@: about to teleport, flying, slowed, very slow
A: large, unfitting armour, claws 3, regeneration 1, shaggy fur 1, tough skin 1,
clumsy 1, low MP 1
}: 1/15 runes: decaying
a: Renounce Religion, Evoke Blink, Potion Petition, Call Merchant, Bribe Branch


You were on level 3 of the Spider Nest.
You worshipped Gozag.
Gozag was most pleased with you.
You visited 6 branches of the dungeon, and saw 31 of its levels.
You also visited: Bailey and Ice Cave.

You collected 12720 gold pieces.
You spent 5618 gold pieces at shops.
You paid 5975 gold pieces to Gozag.

Inventory:

Hand Weapons
 p - the +9 whip of Nightmares (weapon) {elec, +Blink Will- Int+8}
   (You bought it in a shop on level 13 of the Dungeon)

   It occasionally discharges a powerful burst of electricity upon striking a
   foe.
   Int:       It affects your intelligence (+8).
   +Blink:    It lets you blink.
   Will:      It decreases your willpower.
 A - a +0 giant spiked club
Missiles
 m - 32 large rocks (quivered)
Armour
 i - a +2 hat (worn)
 H - +8 gold dragon scales (worn)
 U - a +0 cloak of cold resistance (worn)
Jewellery
 n - an amulet of regeneration (around neck)
 r - the ring "Votrimpo" (left claw) {rN+ Will+ rCorr Str+3 Int+2}
   (You bought it in a shop on level 1 of the Spider Nest)

   [ring of willpower]

   Str:       It affects your strength (+3).
   Int:       It affects your intelligence (+2).
   rN:        It protects you from negative energy.
   rCorr:     It protects you from acid and corrosion.
   Will:      It increases your willpower.
 s - a ring of see invisible
 v - an amulet of reflection
 T - the ring "Ryvaral" (right claw) {Fly rElec Str+6 Int+8 Dex-5}
   (You bought it in a shop on level 5 of the Lair of Beasts)

   [ring of strength]

   Str:       It affects your strength (+6).
   Int:       It affects your intelligence (+8).
   Dex:       It affects your dexterity (-5).
   rElec:     It insulates you from electricity.
   Fly:       It grants you flight.
 V - the ring "Mishe" {rF+ rC+ Str+4}
   (You found it in an ice cave)

   [ring of protection from fire]

   Str:       It affects your strength (+4).
   rF:        It protects you from fire.
   rC:        It protects you from cold.
Wands
 a - a wand of acid (17)
 c - a wand of flame (49)
 t - a wand of digging (6)
 E - a wand of iceblast (13)
 O - a wand of mindburst (9)
Scrolls
 d - 2 scrolls of brand weapon
 f - 6 scrolls of immolation
 g - a scroll of holy word
 h - 10 scrolls of identify
 q - a scroll of acquirement
 u - a scroll of enchant armour
 w - 5 scrolls of enchant weapon
 y - 4 scrolls of teleportation
 B - 5 scrolls of magic mapping
 G - 6 scrolls of fog
 I - 4 scrolls of vulnerability
 J - a scroll of fear
 N - 7 scrolls of amnesia
Potions
 b - 8 potions of curing
 e - 4 potions of might
 j - 6 potions of attraction
 k - 3 potions of invisibility
 l - 4 potions of cancellation
 o - a potion of haste
 x - 3 potions of flight
 z - a potion of mutation
 F - 2 potions of ambrosia
 M - 2 potions of lignification
 P - 2 potions of brilliance


   Skills:
 - Level 9.8 Fighting
 + Level 17.3 Maces & Flails
 + Level 16.1 Throwing
 + Level 14.8 Armour
 - Level 6.9 Dodging
 - Level 0.3 Stealth


You had 17 spell levels left.
You didn't know any spells.
Your spell library contained the following spells:

 Spells                   Type           Power      Damage    Failure   Level
 Animate Skeleton         Necr           0%         N/A       82%         1
 Freeze                   Ice            0%         1d3       82%         1
 Pain                     Necr           0%         1d4       82%         1
 Shock                    Conj/Air       0%         1d3       82%         1
 Ensorcelled Hibernation  Hex/Ice        0%         N/A       91%         2
 Passwall                 Tmut/Erth      0%         N/A       91%         2
 Static Discharge         Conj/Air       0%         N/A       91%         2
 Sublimation of Blood     Necr           0%         N/A       91%         2
 Wereblood                Tmut           0%         N/A       91%         2
 Frozen Ramparts          Ice            0%         1d2       99%         3
 Ignite Poison            Fire/Tmut/Pois 0%         N/A       99%         3
 Inner Flame              Hex/Fire       0%         N/A       99%         3
 Mephitic Cloud           Conj/Pois/Air  0%         N/A       99%         3
 Spider Form              Tmut/Pois      0%         N/A       99%         3
 Swiftness                Air            0%         N/A       99%         3
 Vampiric Draining        Necr           0%         2d6       99%         3
 Airstrike                Air            0%         N/A       100%        4
 Anguish                  Hex/Necr       0%         N/A       100%        4
 Animate Armour           Summ/Erth      0%         N/A       100%        4
 Cause Fear               Hex            0%         N/A       100%        4
 Dispel Undead            Necr           0%         3d6       100%        4
 Hailstorm                Conj/Ice       0%         3d3       100%        4
 Sticky Flame             Conj/Fire      0%         2d3       100%        4
 Blade Hands              Tmut           0%         N/A       100%        5
 Fireball                 Conj/Fire      0%         3d3       100%        5
 Freezing Cloud           Conj/Ice/Air   0%         6-21      100%        5
 Iron Shot                Conj/Erth      0%         9d1       100%        6
 Starburst                Conj/Fire      0%         6d3       100%        6
 Summon Hydra             Summ           0%         N/A       100%        7
 Discord                  Hex            0%         N/A       100%        8
 Ignition                 Fire           0%         3d3       100%        8


Dungeon Overview and Level Annotations

Branches:
Dungeon (15/15)            Temple (1/1) D:4            Lair (6/6) D:9
  Swamp (4/4) Lair:3       Spider (3/4) Lair:3        Slime (0/5) Lair:6
    Orc (2/2) D:10            Elf (0/3) Orc:2        Vaults (0/5) D:13
 Depths (0/4) D:15         Bailey (visited)           IceCv (visited)

Altars:
Cheibriados
Dithmenos
Elyvilon
Gozag
Hepliaklqana
Makhleb
Nemelex Xobeh
Okawaru
Qazlal
Ru
Sif Muna
Trog
Uskayaw
Vehumet
Wu Jian
Xom
Yredelemnul
The Shining One
Beogh
Jiyva

Shops:
D:8 [   D:9 (*(   D:10 *   D:13 (   Orc:2 ?[=*:   Lair:5 =?   Swamp:4 (
Spider:1 =

Annotations:
Lair:6 2 runed translucent doors, Agnarh's ghost, journeyman MiFi
Swamp:4 2 transporters, KamiKatze's ghost, adept GrBe


Innate Abilities, Weirdness & Mutations

You are too large for most types of armour.
You have claws for hands.
Your natural rate of healing is unusually fast.
You are covered in fur. (AC +1)
You have tough skin. (AC +1)
You are clumsy. (Dex -2)
Your magical capacity is low. (-10% MP)


Message History

The moth of wrath goads the culicivora on!
The culicivora goes berserk!
The jumping spider leaps!
The emperor scorpion stings you! The emperor scorpion claws you.
The emperor scorpion claws you!
The moth of wrath goads the torpor snail on!
The torpor snail goes berserk!
The moth of wrath is distracted by your dazzling golden aura.
The emperor scorpion stings you!
The emperor scorpion claws you but does no damage. x2
The moth of wrath's fur bristles in rage as it notices you.
You feel yourself speed up.
The culicivora rages.
The emperor scorpion stings you but does no damage.
The emperor scorpion claws you but does no damage. x2
Being near the torpor snail leaves you feeling lethargic.
The culicivora rages.
You feel yourself speed up.
Being near the torpor snail leaves you feeling lethargic.
The emperor scorpion stings you!! The emperor scorpion claws you.
The emperor scorpion barely misses you.
The emperor scorpion completely misses you.
The emperor scorpion claws you but does no damage. x2
The culicivora bites you!
The culicivora draws strength from your injuries!
The emperor scorpion stings you!!
The emperor scorpion claws you but does no damage.
The emperor scorpion claws you! The culicivora completely misses you.
As you read the scroll of teleportation, it crumbles to dust.
You feel strangely unstable. The culicivora bites you!!
* * * LOW HITPOINT WARNING * * *
The culicivora draws strength from your injuries!
The emperor scorpion stings you!!
* * * LOW HITPOINT WARNING * * *
The emperor scorpion claws you but does no damage. x2
The culicivora bites you!!
* * * LOW HITPOINT WARNING * * *
The culicivora draws strength from your injuries!
The emperor scorpion stings you!!
You die...
Your body crumbles into a pile of gold.

..# .## .# . .###.
#...#################
#...^..^............#
#...................#
^.^#.####.....###...#
........#..#....@s..#
....###.#####.###s..#
...##.###[ $###.##w.#
...#^.^# ...$#...#s.#
#......# ..?ys....$.#
#..#...#$...$#..(...#
#..##.###? ##.##..#
#....##.#### ..# ...#
........##.##.. ....#


You could see an emperor scorpion (berserk), a torpor snail (berserk), a
culicivora (berserk) and a jumping spider.

Vanquished Creatures
  Rupert (Lair:3)
  2 tentacled monstrosities (Swamp:4)
  Frances (D:13)
  Gastronok (D:9)
  2 thorn hunters
  Kirke (D:14)
  4 fenstrider witches (Swamp:4)
  A ghost moth (Spider:1)
  An orc warlord (D:10)
  2 emperor scorpions
  A broodmother (Spider:2)
  Nessos (D:12)
  4 eleionomae
  A white draconian (IceCv)
  8 entropy weavers
  5 bunyips
  A green death (Swamp:4)
  A blizzard demon (Swamp:4)
  An ettin (D:10)
  A shambling mangrove (Swamp:4)
  2 fire dragons
  Harold (Lair:2)
  An ice dragon (D:15)
  6 boulder beetles
  20 hydras
  4 vault guards
  A hydra (shapeshifter) (D:15)
  2 spriggan air magi
  3 two-headed ogres
  A ghost crab (Swamp:3)
  2 catoblepae
  6 centaur warriors
  2 ogre magi (D:10)
  Erolcha (Orc:1)
  9 alligators
  4 death yaks (Lair:5)
  A tengu warrior (D:15)
  6 orc high priests
  A spriggan berserker (Swamp:3)
  Urug (D:12)
  Sonja (D:12)
  5 goliath frogs
  A fire crab (Lair:6)
  5 pharaoh ants
  2 sixfirhies (Swamp:4)
  5 skeletal warriors
  5 spriggan druids
  2 steelbarb worms
  An orb spider (Spider:1)
  Pikel (D:6)
  A swamp dragon (Swamp:3)
  5 bog bodies
  5 wizards
  A lindwurm (Lair:5)
  13 orc knights
  A deep elf zephyrmancer (Swamp:4)
  9 orc sorcerers
  12 wolf spiders
  7 ugly things
  6 cyclopes
  4 manticores
  4 deep elf pyromancers
  4 will-o-the-wisps
  4 moths of wrath
  5 elephants (Lair:5)
  6 torpor snails
  A black mamba (shapeshifter) (D:10)
  2 molten gargoyles (Lair:6)
  11 cane toads
  2 ice statues (IceCv)
  6 black mambas
  8 centaur zombies
  4 orange demons (Swamp:4)
  Maggie (D:8)
  2 kobold demonologists (D:12)
  4 demonic crawlers (Spider:1)
  12 komodo dragons
  An efreet (D:13)
  11 rime drakes
  A tengu conjurer (D:15)
  A hellwing (Swamp:4)
  5 trolls
  Grinder (D:3)
  A bloated husk (Swamp:2)
  6 meliai
  2 polar bears
  13 tarantellas
  8 tyrant leeches
  11 hornets
  Prince Ribbit (D:6)
  20 blink frogs
  7 slime creatures
  4 dream sheep (Lair:3)
  11 spriggans
  2 water elementals (D:13)
  27 jumping spiders
  3 culicivoras
  45 yaks
  4 wraiths
  2 shadows
  A vampire (D:12)
  10 wyverns
  9 basilisks
  2 steam dragons (Lair:6)
  5 hogs (D:14)
  Eustachio (D:4)
  10 chaos spawn (Swamp:4)
  Edmund (D:4)
  58 redbacks
  18 swamp worms
  17 vampire mosquitoes
  A redback simulacrum (D:14)
  2 neqoxecs (Swamp:4)
  5 wargs
  5 hell hounds
  9 water moccasins
  An acid dragon (D:13)
  A water moccasin (shapeshifter) (D:13)
  3 black bears
  A sky beast (D:8)
  5 swamp drakes
  50 orc warriors
  A hornet zombie (D:6)
  An ice beast (D:4)
  11 ogres
  28 wolves
  9 centaurs
  9 bullfrogs
  2 gnoll sergeants
  2 kobold brigands (D:12)
  Blork the orc (D:6)
  A water moccasin zombie (D:5)
  A wyvern zombie (D:7)
  6 scorpions
  10 killer bees
  9 wights
  A lindwurm simulacrum (IceCv)
  13 electric eels
  A crimson imp (D:9)
  6 komodo dragon simulacra (IceCv)
  5 lava snakes (Lair:6)
  6 jellies (D:6)
  24 orc priests
  8 hounds
  Crazy Yiuf (D:6)
  Jessica (D:3)
  A centaur skeleton (D:4)
  Ijyb (D:3)
  Terence (D:3)
  5 iguanas
  22 orc wizards
  4 hell rats (D:15)
  A hound zombie (D:5)
  Robin (D:4)
  A howler monkey zombie (D:8)
  12 gnolls
  7 adders
  8 acid dragon simulacra (IceCv)
  6 steam dragon simulacra (IceCv)
  A worm (Lair:3)
  3 dart slugs
  85 orcs
  22 endoplasms
  10 giant cockroaches
  38 goblins
  16 hobgoblins
  9 jackals
  3 quokkas
  9 ball pythons
  7 bats
  5 frilled lizards
  8 kobolds
  6 rats
1133 creatures vanquished.

Vanquished Creatures (others)
  A bunyip (Swamp:3)
  A rime drake (IceCv)
  A hornet (Swamp:3)
  An orc wizard (Orc:1)
  24 foxfires
  16 fungi
  38 plants
82 creatures vanquished.

Grand Total: 1215 creatures vanquished

Notes
Turn   | Place    | Note
-------+----------+-------------------------------------------
     0 | D:1      | Jerry the Troll Hunter began the quest for the Orb.
     0 | D:1      | Reached XP level 1. HP: 19/19 MP: 0/0
   118 | D:1      | Reached XP level 2. HP: 21/28 MP: 1/1
   580 | D:1      | Reached XP level 3. HP: 34/35 MP: 2/2
  1348 | D:2      | Reached XP level 4. HP: 41/44 MP: 3/3
  1597 | D:3      | Noticed Terence
  1601 | D:3      | Killed Terence
  1723 | D:3      | Reached XP level 5. HP: 51/52 MP: 4/4
  1734 | D:3      | Noticed Jessica
  1737 | D:3      | Killed Jessica
  1945 | D:3      | Noticed Grinder
  1946 | D:3      | Paralysed by Grinder for 2 turns
  1958 | D:3      | Paralysed by Grinder for 2 turns
  1969 | D:3      | Killed Grinder
  1970 | D:3      | Reached skill level 5 in Throwing
  1970 | D:3      | Reached XP level 6. HP: 57/61 MP: 5/5
  2069 | D:3      | Noticed Ijyb
  2083 | D:3      | Killed Ijyb
  2261 | D:3      | Found a shimmering altar of Xom.
  2261 | D:3      | Found an opulent altar of Gozag.
  2262 | D:3      | Found a sparkling altar of Nemelex Xobeh.
  2266 | D:3      | Identified the +1 robe "Efyettodd" {Will+ Str+4 Int-4}
  2282 | D:3      | Became a worshipper of Gozag Ym Sagoz the Greedy
  2430 | D:4      | Found a staircase to the Ecumenical Temple.
  2441 | D:4      | Noticed Eustachio
  2472 | Temple   | Entered the Ecumenical Temple
  2706 | D:4      | Killed Eustachio
  2707 | D:4      | Reached XP level 7. HP: 65/70 MP: 6/6
  2901 | D:4      | Found a bloodstained altar of Trog.
  3358 | D:4      | Found a shadowy altar of Dithmenos.
  3711 | D:4      | Noticed Robin
  3746 | D:4      | Killed Robin
  4099 | D:5      | Entered Level 5 of the Dungeon
  4140 | D:4      | Reached skill level 1 in Maces & Flails
  4146 | D:4      | Reached skill level 2 in Maces & Flails
  4203 | D:5      | Noticed Edmund
  4233 | D:4      | Killed Edmund
  4234 | D:4      | Reached XP level 8. HP: 24/78 MP: 7/7
  4331 | D:4      | Reached skill level 3 in Maces & Flails
  4444 | D:5      | Reached skill level 4 in Maces & Flails
  4444 | D:5      | Reached skill level 5 in Dodging
  4693 | D:5      | You fall into a shaft and drop 1 floor!
  5145 | D:5      | Found a shimmering blue altar of Sif Muna.
  5230 | D:6      | Found a runed translucent door.
  5231 | D:6      | Noticed Crazy Yiuf
  5241 | D:6      | Killed Crazy Yiuf
  5389 | D:6      | Noticed Pikel
  5414 | D:6      | Killed Pikel
  5415 | D:6      | Reached skill level 5 in Maces & Flails
  5415 | D:6      | Reached XP level 9. HP: 11/84 MP: 8/8
  5444 | D:6      | Noticed Sigmund
  5485 | D:6      | Noticed Blork the orc
  5498 | D:6      | Noticed Sigmund
  5504 | D:6      | Killed Sigmund the killer bee
  5543 | D:6      | Killed Blork the orc
  5609 | D:6      | Reached skill level 6 in Maces & Flails
  6037 | D:6      | Reached skill level 7 in Maces & Flails
  6118 | D:6      | Found an iron altar of Okawaru.
  6207 | D:6      | Found a white marble altar of Elyvilon.
  6292 | D:6      | Noticed Prince Ribbit
  6311 | D:6      | Killed Prince Ribbit
  6629 | D:7      | Found a hazy altar of Hepliaklqana.
  6743 | D:7      | Reached XP level 10. HP: 93/93 MP: 9/9
  6825 | D:7      | Found a sacrificial altar of Ru.
  7484 | D:8      | Noticed Maggie
  7484 | D:8      | Noticed a two-headed ogre
  7492 | D:8      | Killed a two-headed ogre
  7493 | D:8      | Reached skill level 8 in Maces & Flails
  7507 | D:8      | Killed Maggie
  7597 | D:8      | Noticed a cyclops
  7611 | D:8      | Killed a cyclops
  7730 | D:8      | Reached skill level 1 in Armour
  8063 | D:8      | Reached skill level 9 in Maces & Flails
  8073 | D:8      | Found Beowulf's Dragon-Slaying Spoils.
  8080 | D:8      | Bought +1 gold dragon scales for 1131 gold pieces
  8146 | D:9      | Found Loh Lais's General Store.
  8347 | D:9      | Noticed Gastronok
  8366 | D:9      | Killed Gastronok
  8493 | D:9      | Reached XP level 11. HP: 86/100 MP: 10/10
  8493 | D:9      | Found a staircase to the Lair.
  8575 | D:9      | Found Riadden's Antique Weapon Boutique.
  8921 | D:9      | Found a radiant altar of Vehumet.
  8922 | D:9      | Found a burning altar of Makhleb.
  8952 | D:9      | Found Panguapi's Weapon Shoppe.
  9152 | D:10     | Entered Level 10 of the Dungeon
  9196 | D:10     | Found a stormy altar of Qazlal.
  9271 | D:10     | Reached skill level 10 in Maces & Flails
  9278 | D:10     | Noticed an orc knight
  9321 | D:10     | Killed an orc knight
  9438 | D:10     | Found a flagged portal.
  9466 | Bailey   | Entered a bailey
  9582 | Bailey   | Noticed an orc sorcerer
  9630 | Bailey   | Killed an orc sorcerer
  9813 | Bailey   | Noticed an orc knight
  9871 | Bailey   | Killed an orc knight
  9872 | Bailey   | Reached skill level 5 in Armour
 10056 | Bailey   | Noticed an orc knight
 10085 | Bailey   | Killed an orc knight
 10136 | Bailey   | Noticed an orc sorcerer
 10139 | Bailey   | Noticed a sun demon
 10201 | Bailey   | Paralysed by an orc sorcerer for 3 turns
 10206 | Bailey   | Killed an orc sorcerer
 10283 | Bailey   | Found an iron altar of Okawaru.
 10408 | D:10     | Found a basalt altar of Yredelemnul.
 10410 | D:10     | Found a snail-covered altar of Cheibriados.
 10604 | D:10     | Noticed an ogre mage
 10622 | D:10     | Killed an ogre mage
 10623 | D:10     | Reached skill level 11 in Maces & Flails
 10705 | D:10     | Noticed an ogre mage
 11210 | Lair:1   | Entered Level 1 of the Lair of Beasts
 11364 | Lair:1   | Reached XP level 12. HP: 95/107 MP: 11/11
 12157 | Lair:2   | Reached skill level 10 in Throwing
 12680 | Lair:2   | Noticed Harold
 12713 | Lair:2   | Killed Harold
 13355 | Lair:3   | Found the +4 skin of Zhor {*Englaciate rC+++ SInv}
 13399 | Lair:3   | Noticed a four-headed hydra
 13400 | Lair:3   | Noticed a seven-headed hydra
 13518 | Lair:3   | Reached skill level 12 in Maces & Flails
 13584 | Lair:3   | Identified the +7 plate armour of Lifelessness {rN++}
 13632 | Lair:3   | Found a hole to the Spider Nest.
 14138 | Lair:3   | Noticed a catoblepas
 14220 | Lair:3   | Killed a catoblepas
 14289 | Lair:3   | Noticed Rupert
 14656 | Lair:3   | Paralysed by Rupert for 4 turns
 14798 | Lair:3   | Paralysed by Rupert for 6 turns
 14816 | Lair:3   | Killed Rupert
 14817 | Lair:3   | Reached XP level 13. HP: 29/115 MP: 12/12
 15017 | Lair:3   | Found a staircase to the Swamp.
 16433 | Lair:5   | Reached skill level 5 in Fighting
 16884 | Lair:5   | Reached skill level 13 in Maces & Flails
 17816 | Lair:5   | Bought a scroll of enchant armour for 127 gold pieces
 17817 | Lair:5   | Acquired the ring "Disorew" {rC+ Int+5}
 17857 | Lair:6   | Entered Level 6 of the Lair of Beasts
 17918 | Lair:5   | Reached skill level 10 in Armour
 18113 | Lair:6   | Found a runed translucent door.
 18113 | Lair:6   | Noticed an azure jelly
 18114 | Lair:6   | Found a viscous altar of Jiyva.
 18115 | Lair:6   | Found a staircase to the Slime Pits.
 18115 | Lair:6   | Noticed an azure jelly
 18115 | Lair:6   | Noticed an azure jelly
 18116 | Lair:6   | Noticed an azure jelly
 18702 | Lair:5   | Reached XP level 14. HP: 109/130 MP: 13/13
 18832 | Lair:5   | Bought the ring "Ryvaral" {Fly rElec Str+6 Int+8 Dex-5} for
                  | 1213 gold pieces
 19339 | Lair:6   | Found a runed translucent door.
 19343 | Lair:6   | Noticed Agnarh's ghost (journeyman MiFi)
 19651 | Lair:6   | Found a large runed translucent door.
 19651 | Lair:6   | Found a large runed translucent door.
 20572 | Swamp:1  | Entered Level 1 of the Swamp
 20970 | D:10     | Paralysed by an ogre mage for 4 turns
 21001 | D:10     | Identified the +1 leather armour of Yredelemnul {Rampage
                  | rN+ Dex-3}
 21181 | D:10     | Found a staircase to the Orcish Mines.
 21477 | D:10     | Identified the amulet "Tefytiyl" {Faith rC+ Str+3}
 22033 | D:12     | Noticed Urug
 22044 | D:12     | Killed Urug
 22116 | D:12     | Noticed Sonja
 22130 | D:12     | Killed Sonja
 22169 | D:12     | Noticed Nessos
 22190 | D:12     | Killed Nessos
 22786 | D:13     | Reached skill level 14 in Maces & Flails
 22808 | D:13     | Found a gate to the Vaults.
 23249 | D:13     | Found a frozen archway.
 23256 | IceCv    | Entered an ice cave
 23728 | IceCv    | Reached XP level 15. HP: 121/143 MP: 14/14
 23774 | IceCv    | Identified the ring "Mishe" {rF+ rC+ Str+4}
 24060 | D:13     | Bought a scorched whip for 202 gold pieces
 24060 | D:13     | Identified the +6 whip "Yskusiusm" {drain, rN+ Str+7} (You
                  | bought it in a shop on level 13 of the Dungeon)
 24060 | D:13     | Bought an encrusted whip for 202 gold pieces
 24060 | D:13     | Identified the +9 whip of Nightmares {elec, +Blink Will-
                  | Int+8} (You bought it in a shop on level 13 of the Dungeon)
 24350 | D:13     | Noticed Frances
 24592 | D:13     | Killed Frances
 25478 | D:14     | Noticed Kirke
 25883 | D:14     | Killed Kirke
 26220 | D:15     | Entered Level 15 of the Dungeon
 27274 | D:15     | Found a staircase to the Depths.
 27539 | Orc:1    | Entered Level 1 of the Orcish Mines
 27622 | D:10     | Bought a scroll of acquirement for 884 gold pieces
 27624 | D:10     | Bought a scroll of identify for 34 gold pieces
 27624 | D:10     | Bought a scroll of teleportation for 51 gold pieces
 27772 | Lair:5   | Bought a ring of see invisible for 225 gold pieces
 28047 | Orc:1    | Paralysed by an orc sorcerer for 4 turns
 28278 | Orc:1    | Paralysed by an orc sorcerer for 7 turns
 28417 | Orc:1    | Paralysed by an orc sorcerer for 5 turns
 28751 | Orc:1    | Reached skill level 15 in Maces & Flails
 28843 | Orc:2    | Entered Level 2 of the Orcish Mines
 28938 | Orc:2    | Noticed an orc warlord
 29060 | Orc:2    | Noticed Erolcha
 29082 | Orc:1    | Killed Erolcha
 29250 | D:10     | Killed an orc warlord
 29381 | Orc:2    | Paralysed by an orc sorcerer for 6 turns
 29462 | Orc:2    | Found Riq Kirgh's Magic Scroll Emporium.
 29466 | Orc:2    | Bought a scroll of identify for 24 gold pieces
 29466 | Orc:2    | Bought a scroll of identify for 24 gold pieces
 29466 | Orc:2    | Bought a scroll of identify for 24 gold pieces
 29466 | Orc:2    | Bought a scroll of identify for 24 gold pieces
 29466 | Orc:2    | Bought a scroll of identify for 24 gold pieces
 29466 | Orc:2    | Bought a scroll of identify for 24 gold pieces
 29466 | Orc:2    | Bought a scroll of teleportation for 36 gold pieces
 29466 | Orc:2    | Bought a scroll of teleportation for 36 gold pieces
 29466 | Orc:2    | Bought a scroll of magic mapping for 42 gold pieces
 29466 | Orc:2    | Bought a scroll of magic mapping for 42 gold pieces
 29913 | Orc:2    | Reached XP level 16. HP: 137/156 MP: 15/15
 30483 | Orc:2    | Found Ushopuom's Armour Boutique.
 30486 | Orc:2    | Found Dourcheh's General Store.
 30487 | Orc:2    | Found Moruqokh's Book Boutique.
 30488 | Orc:2    | Found Jiul's Jewellery Shop.
 30492 | Orc:2    | Bought a scroll of brand weapon for 360 gold pieces
 30577 | Orc:2    | Found a staircase to the Elven Halls.
 33085 | Swamp:3  | Noticed a thorn hunter
 33089 | Swamp:3  | Killed a thorn hunter
 33482 | Swamp:4  | Entered Level 4 of the Swamp
 33509 | Swamp:4  | Noticed KamiKatze's ghost (adept GrBe)
 33512 | Swamp:4  | Found a bloodstained altar of Trog.
 33512 | Swamp:4  | Identified the +0 chain mail of Slovenliness {rPois Will+
                  | Regen+}
 33576 | Swamp:4  | Reached skill level 16 in Maces & Flails
 33714 | Swamp:4  | Found a transporter.
 33777 | Swamp:4  | Found a transporter.
 33798 | Swamp:4  | Noticed a tentacled monstrosity
 33816 | Swamp:4  | Killed a tentacled monstrosity
 34020 | Swamp:4  | Reached XP level 17. HP: 164/165 MP: 16/16
 34037 | Swamp:4  | Paralysed by a fenstrider witch for 7 turns
 34402 | Swamp:4  | Paralysed by a hornet for 3 turns
 34413 | Swamp:4  | Paralysed by a hornet for 3 turns
 34422 | Swamp:4  | Noticed a tentacled monstrosity
 34577 | Swamp:4  | Reached skill level 15 in Throwing
 34617 | Swamp:4  | Killed a tentacled monstrosity
 35135 | Swamp:4  | Paralysed by a fenstrider witch for 2 turns
 35140 | Swamp:4  | Paralysed by a fenstrider witch for 3 turns
 35143 | Swamp:4  | HP: 1/165 [blizzard demon/the air (13)]
 35523 | Swamp:4  | Paralysed by a fenstrider witch for 7 turns
 35758 | Swamp:4  | Paralysed by a fenstrider witch for 2 turns
 35843 | Swamp:4  | Paralysed by a fenstrider witch for 4 turns
 35881 | Swamp:4  | Gained mutation: Your magical capacity is low. (-10% MP) [a
                  | neqoxec]
 35882 | Swamp:4  | Gained mutation: You are clumsy. (Dex -2) [a neqoxec]
 35930 | Swamp:4  | Got a decaying rune of Zot
 35984 | Swamp:4  | Paralysed by a fenstrider witch for 5 turns
 36191 | Spider:1 | Entered Level 1 of the Spider Nest
 37357 | Spider:1 | Found the +3 Mad Mage's Maulers {Infuse+∞ RegenMP Int-3}
 38013 | Spider:1 | Bought the ring "Votrimpo" {rN+ Will+ rCorr Str+3 Int+2}
                  | for 889 gold pieces
 38212 | Spider:2 | Reached skill level 17 in Maces & Flails
 40012 | Spider:3 | Reached XP level 18. HP: 156/174 MP: 15/15
 40382 | Spider:3 | HP: 3/174 [culicivora (24)]
 40382 | Spider:3 | Annihilated by an emperor scorpion

Illustrated notes

Levels and vault maps discovered:
D:1:      psy_arrival_basics, layout_basic, hangedman_decor_clover_reticule,
          minmay_unequal
D:2:      minmay_thinvault, layout_rooms
D:3:      layout_basic, chequers_temple_overflow_statue_of_worship,
          uniq_terence, uniq_jessica, uniq_grinder, uniq_ijyb
D:4:      kennysheep_goblin_castle, layout_layer_cave,
          mainiacjoe_overflow_alcove_2,
          nicolae_dithmenos_through_a_glass_darkly, uniq_eustachio, uniq_robin
D:5:      layout_cave_pods, led_sif_pool, uniq_edmund
D:6:      lemuel_slime, layout_cave_pods, general_overflow_altar,
          mainiacjoe_overflow_small_starburst, nrook_mini_backslash,
          kennysheep_boxes, uniq_sigmund, uniq_blork_the_orc,
          uniq_crazy_yiuf_cottage, uniq_pikel, uniq_prince_ribbit1
D:7:      layout_basic, nicolae_ru_path_of_blood,
          worldfamousw_hep_ancestral_shrine
D:8:      layout_loops_corners, nicolae_shop_dragon_depot, uniq_maggie
D:9:      layout_irregular_city, grunt_temple_overflow_lords_of_destruction,
          erik_lair_island, serial_shops, nicolae_shop_hallway_plus, shop, shop,
          dk_noncrumbling_2, uniq_gastronok
D:10:     minmay_chopped_fan, layout_rooms, nicolae_qazlal_scattered_showers,
          nicolae_overflow_squiral, david_orc_4, enter_bailey_5
D:11:     wad_statue_garden, layout_rooms, minmay_guarded_unrand_finisher,
          uniq_grum
D:12:     layout_long_grid, uniq_nessos, uniq_urug, uniq_sonja
D:13:     layout_basic, lightli_vaults_fourway_checkpoint,
          portal_ice_cave_entry_pillars_1, nrook_mini_vaults, uniq_frances
D:14:     layout_big_octagon, minivault_4, uniq_kirke
D:15:     grunt_enter_depths_hoard, layout_gridville, roderic_malta_cross,
          special_room [special_room_mythical_zoo]
Temple:   corrupted_temple
Lair:1:   layout_regular_city
Lair:2:   layout_chaotic_city, wad_woods_02, uniq_harold
Lair:3:   layout_roguey, palyth_hydra_swamp_entry,
          nicolae_spider_entry_non_spiders, chequers_serial_rivers_large_a,
          chequers_serial_rivers_small_a, hellmonk_guarded_unrand_zhor,
          uniq_rupert
Lair:4:   layout_regular_city, lemuel_fruit_tree
Lair:5:   layout_hall_layers, minmay_holes, chequers_serial_rivers_micro_a,
          serial_bayou_lake_a
Lair:6:   cheibrodos_lair_end_hotspot, layout_regular_city, slime_altar_2,
          ebering_ghost_inner_flame, lookout_lair_type,
          nicolae_quartered_pool_little, eino_small_chamber_without_monster
Swamp:1:  layout_basic_swamp, nicolae_swamp_little_tower,
          infiniplex_staircase_pool
Swamp:2:  layout_basic_swamp, hangedman_swamp_cone
Swamp:3:  layout_falls_marsh, hangedman_swamp_ruin_wall, swamp_pool4,
          hangedman_swamp_blocks
Swamp:4:  nzn_swamp_witches_coven, layout_basic_swamp,
          gammafunk_ghost_wrathful_warriors, swamp_pool5
Spider:1: layout_chambers
Spider:2: layout_spider_delve, drop_trap, nicolae_spider_checkerboard
Spider:3: layout_spider_delve, nicolae_spider_bug_shape
Orc:1:    layout_caves
Orc:2:    st_orc_pillars, layout_diamond_mine, basic_altar, serial_shops,
          shop_scrolls, uniq_erolcha

Skill      XL: |  1  2  3  4  5  6  7  8  9 10 11 12 13 14 15 16 17 |
---------------+----------------------------------------------------+-----
Dodging        | 2 3 4 5 6 |  6.9
Fighting       | 2 3 4 6 7 9 |  9.8
Throwing       | 4 5 6 7 8 9 10 11 12 13 14 16 | 16.1
Maces & Flails | 2 5 7 9 11 12 13 14 15 16 17 | 17.3
Armour         | 3 6 8 10 11 12 13 14 | 14.8
Stealth        | |  0.3

Action                   |  1- 3 |  4- 6 |  7- 9 | 10-12 | 13-15 | 16-18 || total
-------------------------+-------+-------+-------+-------+-------+-------++-------
Melee: Unarmed           |    32 |       |       |       |       |       ||    32
       Dagger            |    99 |   111 |    24 |       |       |       ||   234
       Punch             |     3 |     1 |     8 |    37 |    53 |    28 ||   130
       Whip              |       |       |   391 |  1340 |  2263 |  2134 ||  6128
       Flail             |       |       |    18 |    61 |   384 |       ||   463
Throw: Large rock        |       |    16 |     2 |    24 |    46 |    42 ||   130
       Throwing net      |       |     5 |       |     6 |       |       ||    11
Invok: Call Merchant     |       |       |       |       |     4 |     2 ||     6
Evoke: Wand              |       |       |       |     8 |     5 |       ||    13
  Use: Scroll            |     1 |     1 |     3 |    16 |    18 |    14 ||    53
       Potion            |       |       |       |     1 |     1 |     7 ||     9
 Stab: Sleeping          |     2 |       |       |       |       |       ||     2
       Distracted        |       |       |     3 |     4 |    13 |     7 ||    27
       Petrified         |       |       |       |    29 |       |       ||    29
       Petrifying        |       |       |       |     2 |       |       ||     2
Armor: Robe              |    54 |    40 |   109 |    16 |       |       ||   219
       Gold dragon scale |       |       |       |   667 |  1572 |  1825 ||  4064
       Steam dragon scal |       |       |       |    14 |       |       ||    14
Dodge: Dodged            |    62 |    61 |   237 |   207 |   714 |   526 ||  1807
